 Dungeon Crawl Stone Soup version 0.19.5 (webtiles) character file.

74 miragecloak the Changer (level 4, -5/28 HPs)
             Began as an Octopode Transmuter on May 3, 2017.
             Shot with an arrow by a centaur (10 damage)
             ... on level 3 of the Dungeon.
             The game lasted 00:02:10 (2111 turns).

miragecloak the Changer (Octopode Transmuter)       Turns: 2111, Time: 00:02:10

Health: -5/28      AC:  1    Str:  9    XL:     4   Next: 30%
Magic:  7/7        EV: 13    Int: 15    God:
Gold:   244        SH:  3    Dex: 13    Spells: 2 memorised, 3 levels left

rFire  . . .     SeeInvis .       - Unarmed
rCold  . . .     Gourm    .     (no shield)
rNeg   . . .     Faith    .     g - +0 hat
rPois  .         Spirit   .     q - +3 amulet of reflection
rElec  .         Reflect  +     (no ring)
rCorr  .         Harm     .     (no ring)
MR     .....                    (no ring)
Stlth  ++........               (no ring)
                                (no ring)
                                (no ring)
                                (no ring)
                                (no ring)

@: appendage (expiring)
A: almost no armour, stealthy swim, amphibious, 8 rings, constrict 8, tentacle
spike 3, camouflage 1, gelatinous body 1
a: End Transformation


You were on level 3 of the Dungeon.
You were very hungry.
One of your tentacles had a temporary spike.
You visited 1 branch of the dungeon, and saw 3 of its levels.

You collected 244 gold pieces.

Inventory:

Missiles
 a - 12 arrows
Armour
 g - a +0 hat (worn)
Jewellery
 k - an uncursed amulet of magic regeneration
 l - an uncursed ring of ice
 o - an uncursed ring of ice
 q - a +3 amulet of reflection (around mantle)
Scrolls
 e - a scroll of random uselessness {unknown}
 h - 3 scrolls of remove curse {unknown}
 i - a scroll of recharging {unknown}
 p - 2 scrolls of identify {unknown}
 s - 2 scrolls of fog {unknown}
 t - a scroll of blinking {unknown}
Potions
 j - a potion of curing {unknown}
 m - a potion of agility {unknown}
 n - 2 potions of degeneration {unknown}
 u - a potion of resistance {unknown}
 v - a potion of heal wounds {unknown}
Books
 b - a book of Changes

   Spells                             Type                      Level
   a - Beastly Appendage              Transmutation                1
   b - Sticks to Snakes               Transmutation                2
   c - Spider Form                    Transmutation/Poison         3
   d - Ice Form                       Ice/Transmutation            4
   e - Blade Hands                    Transmutation                5
Comestibles
 c - 4 bread rations
 d - 2 meat rations
 f - a beef jerky
 r - 27 fruits


   Skills:
 - Level 1.0 Fighting
 - Level 2.0 Dodging
 - Level 3.0 Unarmed Combat
 - Level 2.0 Spellcasting
 + Level 4.1 Transmutations
 + Level 1.6 Poison Magic


You had 3 spell levels left.
You knew the following spells:

 Your Spells              Type           Power        Failure   Level  Hunger
a - Beastly Appendage     Tmut           ##....       4%          1    #......
b - Spider Form           Tmut/Pois      ##........   24%         3    ###....


Dungeon Overview and Level Annotations

Branches:
Dungeon (3/15)

Altars:
Fedhas
Ru
Trog
Xom

Annotations:
D:3 Jessica


Innate Abilities, Weirdness & Mutations

You cannot wear most types of armour.
You are very stealthy in the water. (Stealth+)
You are amphibious.
You can wear up to eight rings at the same time.
You can use your tentacles to constrict eight enemies at once.
Your skin changes colour to match your surroundings (Stealth+).
Your rubbery body absorbs attacks. (AC +1, EV +1)
One of your tentacles bears a large vicious spike.


Message History

An adder comes into view.
You miss the frilled lizard. Your grab misses the frilled lizard.
You squeeze the frilled lizard.
You kill the frilled lizard!
The orc shouts! x2; The adder hisses angrily.
You hear an angry hiss.
You hear a shout!
A frilled lizard and a centaur come into view.
Your transformation is almost over.
The centaur wields a runed shortbow.
It bursts into flame!
The centaur shoots an arrow.
The arrow misses you.
You hear a splash.
An adder comes into view.
You see here an arrow.
The centaur shoots an arrow.
The arrow hits you!
Ouch! That really hurt!
The arrow burns you!
* * * LOW HITPOINT WARNING * * *
You see here an arrow.
The centaur shoots an arrow.
The arrow hits you!
You die...

#..........##
##≈≈≈≈≈≈≈ #
##########..#
##≈≈≈≈≈≈≈≈≈ #
##.#
##≈≈≈c≈≈≈≈≈≈ #
#.###≈≈≈≈≈S≈≈≈≈≈
#.##≈≈≈≈≈≈≈≈≈≈≈≈
#.#≈≈≈≈≈≈≈≈≈≈≈≈≈
#.#≈≈≈≈≈≈≈≈≈≈≈≈≈
#.#≈≈S≈(≈≈#..#≈≈
#.@.o.o....##%≈≈
#.'........##l≈≈
###≈≈≈≈≈≈≈#..#≈≈
#≈≈≈†≈≈≈≈≈≈≈≈≈
#≈≈≈≈≈≈≈≈≈≈≈≈≈
##≈≈≈≈≈≈≈≈≈≈≈≈
##≈≈≈≈≈≈≈≈≈≈≈
##≈≈≈≈≈≈≈≈≈≈
##≈≈≈≈≈≈≈


You could see a centaur, an adder and 2 orcs.

Vanquished Creatures
  2 adders (D:2)
  3 dart slugs
  3 leopard geckos (D:1)
  2 ball pythons
  5 bats
  3 giant cockroaches
  5 goblins
  6 hobgoblins
  6 kobolds
  A quokka (D:2)
  4 frilled lizards
  6 rats
  A fungus (D:2)
47 creatures vanquished.

Notes
Turn   | Place    | Note
-------+----------+-------------------------------------------
     0 | D:1      | miragecloak the Octopode Transmuter began the quest for the Orb.
     0 | D:1      | Reached XP level 1. HP: 13/13 MP: 3/3
    81 | D:1      | Reached XP level 2. HP: 15/18 MP: 3/5
   257 | D:1      | Reached skill level 3 in Transmutations
   499 | D:1      | Reached XP level 3. HP: 19/23 MP: 6/6
   803 | D:2      | Learned a level 3 spell: Spider Form
  1132 | D:2      | Reached skill level 1 in Poison Magic
  1132 | D:2      | Reached XP level 4. HP: 18/28 MP: 7/7
  1544 | D:2      | Reached skill level 4 in Transmutations
  1721 | D:2      | Found a shimmering altar of Xom.
  1724 | D:2      | Found a bloodstained altar of Trog.
  1724 | D:2      | Found a sacrificial altar of Ru.
  1729 | D:2      | Found a basalt altar of Yredelemnul.
  1729 | D:2      | Found a blossoming altar of Fedhas.
  1729 | D:2      | Found a shattered altar of Ashenzari.
  2066 | D:3      | Noticed Jessica
  2106 | D:3      | Noticed a centaur
  2111 | D:3      | Shot with an arrow by a centaur

Skill      XL: |  1  2  3  4 |
---------------+-------------+-----
Transmutations | 3 4 |  4.1
Poison Magic   | 1 |  1.6
Fighting       | |  1.0
Dodging        | |  2.0
Unarmed Combat | |  3.0
Spellcasting   | |  2.0

Action                   |  1- 3 |  4- 6 || total
-------------------------+-------+-------++-------
Melee: Unarmed           |    70 |    32 ||   102
       Constrict         |    24 |    10 ||    34
       Tentacles         |    13 |     5 ||    18
       Kick              |    20 |    12 ||    32
       Punch             |     1 |     1 ||     2
 Cast: Beastly Appendage |    22 |    14 ||    36
 Stab: Sleeping          |     7 |     4 ||    11
  Eat: Chunk             |     1 |     2 ||     3
Armor: Skin              |     3 |     2 ||     5
Dodge: Dodged            |    32 |    13 ||    45
Block: Other             |       |     2 ||     2
